 Dungeon Crawl Stone Soup version 0.28.0-43-g3370ac3207 (webtiles) character file.

Game seed: 1829372002274174029

2 Revguard the Skirmisher (level 1, -1/18 HPs)
             Began as a Demonspawn Cinder Acolyte on Mar 5, 2022.
             Was a High Priest of Ignis.
             Slain by a kobold
             ... wielding a +0 whip
              (5 damage)
             ... on level 1 of the Dungeon.
             The game lasted 00:01:04 (38 turns).

Revguard the Skirmisher (Demonspawn Cinder Acolyte)   Turns: 38, Time: 00:01:05

Health: -1/18      AC:  2    Str: 14    XL:     1   Next: 33%
Magic:  2/2        EV: 11    Int: 15    God:    Ignis [*****.]
Gold:   0          SH:  0    Dex:  8    Spells: 2/2 levels left

rFire   + . .      SeeInvis .   a - -1 hand axe (flame)
rCold   . . .      Faith    .   (no shield)
rNeg    . . .      Spirit   .   b - +0 robe
rPois   .          Reflect  .   (no helmet)
rElec   .          Harm     .   (no cloak)
rCorr   .          Rampage  .   (no gloves)
Will    .....                   (no boots)
Stlth   +.........              (no amulet)
HPRegen 0.06/turn               (no ring)
MPRegen 0.08/turn               (no ring)

@: no status effects
A: no striking features
a: Renounce Religion, Fiery Armour, Foxfire Swarm, Rising Flame


You were on level 1 of the Dungeon.
You worshipped Ignis.
Ignis was extremely pleased with you.
You visited 1 branch of the dungeon, and saw 1 of its levels.

Inventory:

Hand Weapons
 a - a -1 hand axe of flaming (weapon)
Armour
 b - a +0 robe (worn)


   Skills:
 + Level 3.0 Fighting
 + Level 2.7 Axes
 + Level 0.0 Armour
 + Level 0.1 Dodging
 + Level 1.0 Spellcasting
 + Level 2.7 Fire Magic


You had 2 spell levels left.
You didn't know any spells.
Your spell library contained the following spells:

 Spells                   Type           Power      Damage    Failure   Level
 Scorch                   Fire           18%        2d5       12%         2


Dungeon Overview and Level Annotations

Branches:
Dungeon (1/15)

Altars:


Message History

The frilled lizard hisses angrily.
The goblin hits you but does no damage. The bat barely misses you.
The goblin hits you with a +0 club.
You hit the goblin but do no damage. You barely miss the bat.
The bat barely misses you.
The kobold throws a stone.
The stone closely misses you. The goblin hits you with a +0 club.
The kobold throws a stone.
The stone hits you but does no damage. The goblin hits you with a +0 club.
You hit the goblin. You burn the goblin.
You kill the goblin!
The bat closely misses you.
The kobold throws a stone.
The stone closely misses you. The bat barely misses you.
Things that are here:
a +0 club; a goblin corpse The bat hits you but does no damage.
You hit the frilled lizard. You burn the frilled lizard.
You kill the frilled lizard!
The bat hits you but does no damage.
You hit the kobold but do no damage. You hit the bat. You burn the bat.
You kill the bat!
The kobold barely misses you.
You hit the kobold. You burn the kobold.
The kobold is heavily wounded.
The kobold hits you with a +0 whip.
You hit the kobold but do no damage.
The kobold is heavily wounded.
The kobold hits you with a +0 whip.
* * * LOW HITPOINT WARNING * * *
The kobold hits you but does no damage.
You hit the kobold but do no damage.
The kobold is heavily wounded.
The kobold barely misses you.
You closely miss the kobold.
The kobold is heavily wounded.
The kobold hits you but does no damage.
You hit the kobold but do no damage.
The kobold is heavily wounded.
The kobold hits you with a +0 whip.
You die...

.... ..# .# ... ...#
... .. ...#
#.###.####...#
.#.............
.......!...#
#........# .....
#....K...###.8.8.
###..@...##(....
####......##8... ###
..........##..###..#<#
####......#...#S#..#.#
#......#8..#k#..#.#
######.....#y#..#.#
###8..#t#..#.#
#...#h#..#.#
##..###..#.#


You could see a kobold.

Vanquished Creatures
  A goblin (D:1)
  A bat (D:1)
  A frilled lizard (D:1)
3 creatures vanquished.

Notes
Turn   | Place    | Note
-------+----------+-------------------------------------------
     0 | D:1      | Revguard the Demonspawn Cinder Acolyte began the quest for
                  | the Orb.
     0 | D:1      | Reached XP level 1. HP: 18/18 MP: 2/2
     6 | D:1      | Noticed a killer bee
     6 | D:1      | Noticed a snapping turtle
     6 | D:1      | Noticed a black bear
     7 | D:1      | Noticed an anaconda
     7 | D:1      | Noticed a rime drake
    38 | D:1      | Slain by a kobold

Illustrated notes

Levels and vault maps discovered:
D:1:      onia_arrival_zoo_common, layout_rooms, serial_rivers,
          chequers_serial_rivers_micro_d, chequers_serial_rivers_small_b,
          chequers_serial_rivers_marsh, chequers_serial_rivers_micro_d,
          chequers_serial_rivers_room_a

Action                   || total
-------------------------++-------
Melee: Hand axe          ||     9
Armor: Robe              ||     7
Dodge: Dodged            ||     8
